Map: Ascension to Aiur LE

Players

Winthrowe

  • Race: Terran Terran
  • League: Silver
  • Spawn Location: 5:00

Gravix - Winner!

  • Race: Protoss Protoss
  • League: Diamond
  • Spawn Location: 11:00

VOD

Have the link to the VOD?

Description

Time

  • Played on: Sept. 2, 2017, 12:26 p.m.
  • Length: 14:00
Show
View Real Time Build Order
Export as new Build Order

Winthrowe Terran 

Build Orders:  

Get SALT Encoding   

  12  0:02  SCV  
  13  0:18  Supply Depot  
  13  0:19  SCV  
  14  0:31  SCV  
  15  0:43  SCV, Barracks  
  16  0:52  Refinery  
  16  0:55  SCV  
  17  1:17  SCV  
  18  1:31  SCV  
  19  1:33  Barracks  
  19  1:37  Marine  
  20  1:43  SCV  
  21  1:49  Refinery  
  21  1:56  Barracks Reactor  
  21  2:02  SCV  
  22  2:14  SCV  
  22  2:15  Command Center  
  23  2:35  Factory  
  23  2:42  Orbital Command  
  23  2:54  Supply Depot  
  23  3:05  Barracks Tech Lab  
  23  3:15  Marine x2  
  25  3:27  Marine, Engineering Bay  
  25  3:33  Marine  
  27  3:36  Starport  
  27  3:37  Factory Tech Lab  
  27  3:54  Marine x2, Engineering Bay  
  31  3:56  Marauder  
  31  4:11  Marine  
  31  4:12  Marine, SCV  
  34  4:21  SCV  
  35  4:24  SCV  
  35  4:30  Marine x2, Marauder  
  40  4:33  SCV  
  41  4:43  Starport Reactor  
  41  4:51  Orbital Command  
  41  5:21  Marine x2, Marauder  
  43  5:31  Medivac  
  43  5:34  Medivac  
  47  5:39  Marine  
  50  5:42  Marauder  
  48  6:10  Viking x2  
  52  6:12  Marine x2  
  54  6:20  Supply Depot  
  54  6:41  Marine x3, Viking x2  
  54  6:43  Supply Depot  
  61  6:53  SCV  
  62  7:04  Marine x3, SCV  
  62  7:05  SCV  
  67  7:16  SCV  
  67  7:17  SCV  
  67  7:22  Marine x3  
  72  7:28  SCV  
  70  7:39  Marine  
  70  7:40  Marauder  
  60  7:47  Stimpack  
  60  7:50  Marine  
  44  7:57  Marine  
  41  8:01  Marauder  
  38  8:08  Marine  
  39  8:15  Marine  
  40  8:23  Marauder  
  40  8:25  Marine  
  43  8:32  Barracks  
  43  8:33  Marine  
  44  8:35  Factory Reactor  
  44  8:43  Marine  
  44  8:44  Viking, Marauder  
  44  8:45  Viking  
  51  8:51  Marine  
  52  9:03  Marine  
  52  9:06  Marauder  
  52  9:09  Marine  
  56  9:16  Command Center  
  56  9:17  SCV  
  56  9:18  SCV  
  56  9:21  Marine  
  56  9:22  Barracks  
  57  9:26  Marine  
  57  9:27  Marauder  
  57  9:30  SCV x2  
  62  9:31  Missile Turret  
  62  9:42  SCV x2  
  64  9:48  Concussive Shells, Marauder  
  64  9:51  Terran Infantry Weapons Level 1, Terran Infantry Armor Level 1  
  66  9:54  SCV x2  
  66  9:55  Missile Turret  
  66  9:59  Viking  
  70  10:01  Viking  
  72  10:10  Marauder  
  72  10:11  SCV x2  
  76  10:23  SCV x2  
  78  10:30  Combat Shields  
  78  10:31  Marauder  
  78  10:32  Planetary Fortress  
  78  10:35  SCV x2  
  82  10:38  Supply Depot  
  82  10:43  Medivac  
  82  10:44  Medivac  
  82  10:46  Marine x2  
  82  10:47  SCV x2  
  90  10:52  Marine  
  91  10:59  SCV  
  91  11:01  Supply Depot  
  72  11:04  Marine  
  72  11:06  Marine  
  72  11:10  Marauder  
  56  11:13  Medivac  
  56  11:15  Medivac  
  60  11:22  Marine  
  60  11:24  Marine, Supply Depot  
  62  11:28  Barracks Reactor  
  62  11:32  Marauder  
  64  11:36  Cyclone x2  
  70  11:40  Marine  
  70  11:41  Marine  
  72  11:53  Marauder  
  73  11:57  Marine  
  73  11:59  Marine  
  75  12:08  Cyclone x2  
  79  12:14  Marauder  
  81  12:15  Marine  
  81  12:17  Marine  
  81  12:18  Marine x2  
  85  12:29  SCV  
  86  12:30  SCV x2  
  86  12:33  Marine  
  86  12:34  Viking  
  86  12:35  Marine  
  86  12:36  Marine x2, Marauder  
  96  12:41  SCV  
  96  12:42  SCV x2  
  99  12:51  Marine  
  99  12:52  Cyclone  
  99  12:53  Marine, Cyclone  
  99  12:54  Marine x2  
  99  12:57  Viking, Marauder  
  114  13:05  SCV  
  114  13:09  Marine, SCV  
  114  13:10  Marine, SCV  
  118  13:15  Marine x2  
  118  13:17  SCV  
  118  13:19  Marauder  
  119  13:21  SCV  
  119  13:22  SCV  
  119  13:25  Cyclone  
  119  13:27  Marine  
  89  13:28  Marine  
  89  13:32  Marine  
  89  13:33  Marine  
  89  13:34  SCV x2  
  79  13:39  Marine  
  66  13:46  SCV  
Show
View Real Time Build Order
Export as new Build Order

Gravix Protoss - Winner!

Build Orders: 1 Gate Expand, Phoenix Opening 

Get SALT Encoding   

  12  0:01  Probe (Chrono Boost)  
  13  0:11  Probe (Chrono Boost)  
  14  0:20  Pylon  
  14  0:29  Probe (Chrono Boost)  
  15  0:40  Probe (Chrono Boost)  
  16  0:43  Gateway  
  16  0:46  Assimilator  
  16  0:50  Probe (Chrono Boost)  
  17  1:01  Probe (Chrono Boost)  
  19  1:11  Probe (Chrono Boost)  
  19  1:25  Nexus  
  19  1:29  Probe (Chrono Boost)  
  20  1:39  Cybernetics Core  
  20  1:42  Probe (Chrono Boost)  
  21  1:51  Pylon  
  21  1:53  Probe (Chrono Boost)  
  22  1:58  Assimilator  
  22  2:04  Probe (Chrono Boost)  
  23  2:14  Probe (Chrono Boost)  
  24  2:16  Warp Gate  
  24  2:27  Probe (Chrono Boost)  
  25  2:31  Gateway  
  25  2:37  Stargate  
  25  2:38  Probe (Chrono Boost)  
  25  2:42  Zealot  
  25  2:44  Probe (Chrono Boost)  
  29  2:52  Pylon  
  29  2:53  Probe (Chrono Boost)  
  29  2:57  Probe (Chrono Boost)  
  31  3:03  Probe (Chrono Boost)  
  32  3:10  Gateway  
  32  3:12  Probe (Chrono Boost)  
  33  3:14  Probe (Chrono Boost)  
  34  3:23  Mothership Core (Chrono Boost)  
  34  3:25  Phoenix (Chrono Boost), Probe (Chrono Boost)  
  39  3:33  Stalker  
  41  3:35  Probe (Chrono Boost)  
  41  3:37  Stalker  
  44  3:44  Probe (Chrono Boost)  
  44  3:48  Pylon  
  45  3:51  Phoenix (Chrono Boost)  
  45  3:53  Probe  
  45  3:54  Probe  
  48  4:00  Stalker  
  51  4:03  Assimilator  
  51  4:07  Assimilator  
  51  4:17  Probe  
  51  4:19  Probe  
  51  4:21  Phoenix (Chrono Boost)  
  55  4:28  Probe  
  55  4:31  Probe  
  57  4:33  Pylon  
  57  4:38  Probe  
  57  4:43  Probe  
  57  4:44  Pylon  
  59  4:49  Probe  
  60  4:54  Gateway  
  60  4:55  Gateway, Probe  
  60  4:57  Gateway  
  61  5:02  Twilight Council  
  61  5:15  Probe  
  61  5:17  Probe  
  63  5:30  Forge  
  63  5:31  Nexus  
  63  5:32  Forge  
  63  5:33  Sentry x3  
  63  5:34  Pylon  
  69  5:38  Pylon  
  69  5:40  Blink  
  69  5:43  Phoenix (Chrono Boost)  
  71  6:01  Probe  
  71  6:02  Probe  
  73  6:07  Protoss Ground Armor Level 1 (Chrono Boost), Protoss Ground Weapons Level 1 (Chrono Boost)  
  73  6:12  Phoenix  
  75  6:30  Stalker x2  
  75  6:31  Stalker x3  
  85  6:42  Phoenix  
  83  7:01  Stalker x4  
  83  7:02  Stalker  
  83  7:05  Probe  
  83  7:07  Probe x2  
  96  7:41  Charge  
  88  8:17  Phoenix  
  90  8:20  Protoss Ground Armor Level 2 (Chrono Boost)  
  90  8:23  Assimilator, Protoss Ground Weapons Level 2 (Chrono Boost)  
  90  8:26  Assimilator, Gateway  
  90  8:28  Photon Cannon, Pylon  
  90  8:29  Photon Cannon  
  90  8:30  Stalker x2  
  90  8:31  Stalker x3, Gateway  
  90  8:33  Gateway  
  90  8:34  Robotics Facility  
  100  8:46  Mothership Core  
  102  8:51  Pylon  
  102  8:54  Pylon  
  102  8:55  Pylon  
  102  8:56  Pylon  
  102  9:04  Void Ray  
  102  9:06  Stalker  
  102  9:07  Pylon  
  108  9:10  Pylon  
  108  9:12  Pylon  
  108  9:15  Nexus  
  108  9:26  Stalker x2  
  108  9:27  Stalker x3  
  118  9:38  Immortal (Chrono Boost)  
  122  9:48  Robotics Bay  
  122  9:53  Photon Cannon  
  122  9:55  Photon Cannon  
  122  10:05  Protoss Shields Level 1  
  122  10:15  Immortal (Chrono Boost)  
  122  10:18  Stalker x2  
  130  10:22  Assimilator  
  130  10:24  Assimilator, Gateway x2  
  130  10:25  Photon Cannon, Gateway  
  130  10:26  Photon Cannon, Pylon  
  130  10:29  Photon Cannon  
  130  10:35  Zealot x2  
  130  10:36  Zealot x3  
  146  10:50  Colossus (Chrono Boost)  
  142  11:10  Stalker x5  
  142  11:11  Stalker x2  
  154  11:16  Probe x2  
  154  11:17  Probe  
  154  11:18  Probe  
  158  11:29  Probe  
  159  11:34  Templar Archives  
  159  11:36  Colossus (Chrono Boost)  
  165  12:17  Psionic Storm  
  171  12:23  Colossus (Chrono Boost)  
  171  12:31  High Templar x2  
  171  12:32  High Templar x5  
  185  12:37  Archon  
  185  12:38  Archon x2  
  185  12:45  Zealot  
  187  13:08  Pylon  
  187  13:10  Pylon  
  187  13:14  Nexus  
Tags
 
Add a new tag
Caveats
  • Supply blocks, unpowered buildings, or Contaminate may cause inaccurate times.
  • Supply counts are checked every 10 seconds.